 Dungeon Crawl Stone Soup version 0.20-a0-435-gf4ea4dd (webtiles) character file.

1950 Faca the Shield-Bearer (level 8, -2/76 HPs)
             Began as a Deep Dwarf Fighter on Jan 6, 2017.
             Was a Follower of Trog.
             Killed by divine providence
             ... invoked by an orc priest
              (11 damage)
             ... on level 6 of the Dungeon.
             The game lasted 00:11:33 (4270 turns).

Faca the Shield-Bearer (Deep Dwarf Fighter)         Turns: 4270, Time: 00:11:34

Health: -2/76      AC: 11    Str: 23    XL:     8   Next: 99%
Magic:  8/8        EV:  8    Int:  8    God:    Trog [*.....]
Gold:   215        SH: 15    Dex: 12    Spells: 7/7 levels left

rFire  + + .     SeeInvis .     a - +1 war axe
rCold  . . .     Gourm    .     g - +2 scale mail {rF+}
rNeg   . . .     Faith    .     c - +1 shield
rPois  .         Spirit   .     d - +0 helmet
rElec  .         Reflect  +     (no cloak)
rCorr  .         Harm     .     (no gloves)
MR     +....                    (no boots)
Stlth  ..........               j - +3 amulet of reflection
                                (no ring)
                                s - ring of protection from fire

@: non-regenerating
A: damage resistance, recharge devices, sense surroundings 1, slow regeneration
3
a: Heal Wounds, Berserk, Burn Spellbooks, Renounce Religion


You were on level 6 of the Dungeon.
You worshipped Trog.
Trog was aware of your devotion.
You were not hungry.

You visited 2 branches of the dungeon, and saw 7 of its levels.

You collected 215 gold pieces.

Inventory:

Hand Weapons
 a - a +1 war axe (weapon)
Armour
 c - a +1 shield (worn)
 d - a +0 helmet (worn)
 g - a +2 scale mail of fire resistance (worn)
Jewellery
 j - a +3 amulet of reflection (around neck)
 s - a ring of protection from fire (left hand)
Wands
 e - a wand of polymorph (12/24)
 t - a wand of disintegration (19/24)
Scrolls
 o - a scroll of teleportation
 q - a scroll of enchant armour
 u - a scroll of magic mapping
 y - 2 scrolls of remove curse
Potions
 h - a potion of cure mutation
 i - a potion of berserk rage
 k - 2 potions of invisibility
 m - a potion of haste {unknown}
 n - a potion of flight
 r - a potion of cancellation {unknown}
 x - a potion of agility
Comestibles
 b - 2 meat rations
 f - 2 bread rations
 p - 3 beef jerkies
 v - 6 fruits


   Skills:
 + Level 6.1 Fighting
 + Level 6.6 Axes
 + Level 7.1 Armour
 + Level 7.2 Shields


You had 7 spell levels left.
You didn't know any spells.

Dungeon Overview and Level Annotations

Branches:
Dungeon (6/15)             Temple (1/1) D:4

Altars:
Ashenzari
Dithmenos
Elyvilon
Fedhas
Gozag
Kikubaaqudgha
Makhleb
Ru
Sif Muna
Trog
Vehumet
Xom
Yredelemnul
Zin
The Shining One

Shops:
D:4 (


Innate Abilities, Weirdness & Mutations

You are resistant to damage.
You can recharge devices by infusing magical energy.
You passively map a small area around you.
You do not regenerate.


Message History

You block the howler monkey's attack.
A sky beast comes into view.
You hit the howler monkey.
The howler monkey is severely wounded.
The howler monkey hits you but does no damage.
You hit the howler monkey.
The howler monkey is almost dead.
You hear a distant blaring wail to the south.
You block the howler monkey's attack.
The howler monkey hoots and howls with incredible vigour!
You hear a shout! x2
You slash the howler monkey!
You kill the howler monkey!
Trog accepts your kill.
You hear a distant blaring wail to the south.
You slash the orc priest!
The orc priest is severely wounded.
The orc priest calls down the wrath of Beogh upon you.
Beogh smites you!
You die...

,... * * .. , * .[
########### , .###
#.........# ,..#
#.........# * ** #.#
#.........# ,
#.###.........# *
,*#@....._......# ,
#...o####.........# ,
#.##Y***#...).....#**
, #....#.........# ##
#...........# , , *,
#######......# *
##≈≈≈≈≈###.#### ,
#≈≈≈≈≈≈≈##.# ,,
,#≈≈...≈≈##.#


You could see a sky beast and an orc priest.

Vanquished Creatures
  The ghost of Morgoth the Conjurer, a novice OgWz of Vehumet (D:5)
  The ghost of buthix9 the Covert, a novice SpEn (D:6)
  An orc warrior (D:6)
  A black bear (D:6)
  2 phantoms
  An ogre (D:6)
  A bullfrog (D:6)
  A howler monkey (D:6)
  3 crimson imps
  A centaur zombie (D:5)
  An orc priest (D:5)
  3 orc wizards
  2 centaur skeletons
  Ijyb (D:3)
  4 iguanas
  3 worker ants
  2 adders (D:3)
  An ooze (D:3)
  2 worms
  3 dart slugs
  3 leopard geckos
  18 orcs
  2 giant cockroaches
  13 goblins
  6 hobgoblins
  2 jackals (D:1)
  A ball python (D:6)
  7 bats
  4 frilled lizards
  7 kobolds
  5 rats
103 creatures vanquished.

Notes
Turn   | Place    | Note
-------+----------+-------------------------------------------
     0 | D:1      | Faca the Deep Dwarf Fighter began the quest for the Orb.
     0 | D:1      | Reached XP level 1. HP: 20/20 MP: 1/1
    67 | D:1      | Reached XP level 2. HP: 24/27 MP: 2/2
   546 | D:1      | Reached XP level 3. HP: 29/34 MP: 3/3
  1551 | D:3      | Found an opulent altar of Gozag.
  1586 | D:3      | Noticed Ijyb
  1594 | D:3      | Killed Ijyb
  1594 | D:3      | Reached XP level 4. HP: 28/42 MP: 4/4
  1723 | D:3      | Found a burning altar of Makhleb.
  2549 | D:4      | Found Gesachel's Antique Weapon Shoppe.
  2590 | D:4      | Found a shimmering altar of Xom.
  2590 | D:4      | Found a glowing silver altar of Zin.
  2590 | D:4      | Noticed an angel
  2592 | D:4      | Noticed a phantom
  2630 | D:4      | Killed a phantom
  2630 | D:4      | Reached XP level 5. HP: 21/50 MP: 5/5
  2751 | D:4      | Found a staircase to the Ecumenical Temple.
  2762 | Temple   | Entered the Ecumenical Temple
  2821 | Temple   | Became a worshipper of Trog the Wrathful
  2857 | D:4      | Found an ancient bone altar of Kikubaaqudgha.
  3018 | D:4      | Reached XP level 6. HP: 32/57 MP: 6/6
  3322 | D:5      | Entered Level 5 of the Dungeon
  3433 | D:5      | Noticed Morgoth's ghost (novice OgWz)
  3453 | D:5      | Killed Morgoth's ghost
  3453 | D:5      | Reached skill level 5 in Axes
  3453 | D:5      | Reached skill level 5 in Armour
  3453 | D:5      | Reached skill level 5 in Shields
  3453 | D:5      | Reached XP level 7. HP: 27/66 MP: 7/7
  3642 | D:5      | Found a blossoming altar of Fedhas.
  3741 | D:5      | Reached skill level 5 in Fighting
  3782 | D:5      | Reached * piety under Trog
  3843 | D:5      | Reached XP level 8. HP: 38/74 MP: 8/8
  4103 | D:6      | Noticed buthix9's ghost (novice SpEn)
  4112 | D:6      | Killed buthix9's ghost
  4196 | D:6      | Found a deep blue altar of Sif Muna.
  4212 | D:6      | Found a burning altar of Makhleb.
  4270 | D:6      | Killed from afar by an orc priest

Vault maps used:
D:1:      lightli_iron_boxes, patterned_corridor
D:3:      overflow_temple_1_default, lightli_temple_of_fire, uniq_iyjb
D:4:      grunt_temple_overflow_order_and_chaos_1, lemuel_doored_altar,
          serial_shops, shop
D:5:      first_bread, fedhas_altar_fruit_tree
D:6:      led_sif_pool, basic_altar
Temple:   jpeg_temple_island

Skill      XL: |  1  2  3  4  5  6  7  8 |
---------------+-------------------------+-----
Fighting       | 3 4 5 6 |  6.1
Axes           | 3 5 6 |  6.6
Shields        | 4 5 6 7 |  7.2
Armour         | 4 5 7 |  7.1

Action                   |  1- 3 |  4- 6 |  7- 9 || total
-------------------------+-------+-------+-------++-------
Melee: War axe           |   135 |   104 |   133 ||   372
  Use: Scroll            |     9 |     5 |     5 ||    19
       Potion            |       |     4 |     6 ||    10
  Eat: Bread ration      |     1 |       |     1 ||     2
       Meat ration       |       |     1 |       ||     1
Armor: Scale mail        |    89 |    30 |    31 ||   150
Dodge: Dodged            |    54 |    22 |    17 ||    93
Block: Shield            |    84 |    58 |    82 ||   224
